 Dungeon Crawl Stone Soup version 0.22-a0-271-gc000056 (webtiles) character file.

44186 Amnesiac the Pandemonic (level 13, -1/101 HPs)
             Began as a Vampire Monk on Mar 12, 2018.
             Was a High Priest of Makhleb.
             Killed by mirror damage (3 damage)
             ... on level 15 of the Dungeon.
             The game lasted 00:42:04 (14840 turns).

Amnesiac the Pandemonic (Vampire Monk)             Turns: 14840, Time: 00:42:04

Health: -1/101     AC:  0    Str: 10    XL:     13   Next: 94%
Magic:  23/23      EV: 36    Int: 12    God:    Makhleb [*****.]
Gold:   532        SH:  0    Dex: 25    Spells: 9/12 levels left

rFire    . . .     SeeInvis +   (weapon currently unavailable)
rCold    + . .     Gourm    .   (shield currently unavailable)
rNeg     + + .     Faith    .   (armour currently unavailable)
rPois    +         Spirit   .   (helmet currently unavailable)
rElec    .         Reflect  .   (cloak currently unavailable)
rCorr    .         Harm     +   (gloves currently unavailable)
MR       +....                  (boots currently unavailable)
Stlth    +++++++...             d - amulet of harm
HPRegen  0.13/turn              (ring currently unavailable)
MPRegen  0.18/turn              (ring currently unavailable)

@: bat-form, flying, regenerating slowly, very quick
A: tiny, fangs 3, see invisible, clumsy 1
a: End Transformation, Minor Destruction, Lesser Servant of Makhleb, Major
Destruction, Greater Servant of Makhleb, Renounce Religion


You were on level 15 of the Dungeon.
You worshipped Makhleb.
Makhleb was extremely pleased with you.
You were thirsty.
You were in vampire-bat-form.
You visited 2 branches of the dungeon, and saw 16 of its levels.
You also visited: Sewer and Bailey.

You collected 966 gold pieces.
You spent 434 gold pieces at shops.

Inventory:

Hand Weapons
 a - a +2 dagger of venom (melded)
Missiles
 A - 94 poisoned needles
Armour
 m - a +0 troll leather armour (melded) {Purgy}
 s - a +1 cloak of poison resistance (melded)
 x - a +2 pair of boots of flying (melded)
 y - a +2 buckler of reflection (melded)
 G - the cursed +0 pair of gloves of Gipomu (melded) {rElec}
   (You found it on level 11 of the Dungeon)

   It insulates you from electricity.
   It has a curse placed upon it.
Jewellery
 d - an amulet of harm (around neck)
 w - an uncursed ring of protection from magic
 z - the ring of the Magpie (melded) {rC+ Int+3}
   (You found it on level 9 of the Dungeon)

   [ring of protection from cold]

   It affects your intelligence (+3).
   It protects you from cold.
 C - a +2 ring of evasion
 N - a ring of protection from fire (melded)
Wands
 u - a wand of clouds (2)
Scrolls
 k - 4 scrolls of enchant weapon {!r}
 p - 9 scrolls of remove curse {!r}
 q - 2 scrolls of silence {!r}
 r - a scroll of summoning {!r, unknown}
 D - a scroll of teleportation {!r}
 F - 2 scrolls of blinking {!r}
 L - 2 scrolls of torment {!r}
 O - 2 scrolls of enchant armour {!r}
Potions
 b - 2 potions of resistance {!q}
 c - 14 potions of blood {!q}
 e - 3 potions of brilliance {!q}
 f - 4 potions of berserk rage {!q}
 g - 3 potions of might {!q}
 i - 4 potions of curing {!q}
 j - 2 potions of haste {!q}
 l - 3 potions of cancellation {!q}
 v - a potion of mutation {!q}
 I - 2 potions of lignification {!q}
 M - a potion of ambrosia {!q}
 P - a potion of magic {!q}
Miscellaneous
 K - a fan of gales


   Skills:
 - Level 9.0 Fighting
 - Level 8.1 Short Blades
 - Level 13.0 Dodging
 - Level 11.0 Stealth
 - Level 4.0 Shields
 + Level 14.5 Invocations


You had 9 spell levels left.
You knew the following spells:

 Your Spells              Type           Power        Failure   Level  Hunger
r - Regeneration          Chrm/Necr      #.........   69%         3    ####...


Dungeon Overview and Level Annotations

Branches:
Dungeon (15/15)            Temple (1/1) D:4            Lair (0/6) D:9
    Orc (0/2) D:9          Vaults (0/5) D:14
 Depths: D:15

Altars:
Ashenzari
Dithmenos
Elyvilon
Hepliaklqana
Kikubaaqudgha
Makhleb
Nemelex Xobeh
Qazlal
Ru
Xom
Zin
The Shining One
Jiyva

Shops:
D:5 =   D:6 *   D:9 [   D:14 *


Innate Abilities, Weirdness & Mutations

You heal slowly.
You have razor-sharp teeth.
You have supernaturally acute eyesight. (SInv)
((You can survive without breathing.))
((You have sharp toenails.))
((You are mostly covered in slimy green scales. (AC +3)))
You are clumsy. (Dex -2)


Message History

Press: ? - help, Shift-Dir - straight line, f/p - death knight
Aim: a death knight, wielding an enchanted great mace and wearing a chain mail (moderately wounded)
The puff of flame hits the death knight.
The death knight is heavily wounded.
The death knight hits you with an enchanted great mace!
Press: ? - help, Shift-Dir - straight line, f/p - death knight
Aim: a death knight, wielding an enchanted great mace and wearing a chain mail (heavily wounded)
The puff of flame hits the death knight.
The death knight is heavily wounded.
The death knight hits you with an enchanted great mace!!
* * * LOW HITPOINT WARNING * * *
You fail to use your ability.
The death knight completely misses you.
You turn into a vampire bat.
Your +2 dagger of venom stops dripping with poison.
Press: ? - help, Shift-Dir - straight line, f/p - death knight
Aim: a death knight, wielding an enchanted great mace and wearing a chain mail (heavily wounded)
The puff of flame hits the death knight.
The death knight is heavily wounded.
Unknown command.
Press: ? - help, Shift-Dir - straight line, f/p - death knight
Aim: a death knight, wielding an enchanted great mace and wearing a chain mail (heavily wounded)
The puff of flame hits the death knight.
The death knight is heavily wounded.
The death knight calls down the wrath of Yredelemnul upon you.
Your body is wracked with pain!
* * * LOW HITPOINT WARNING * * *
Unknown command.
Press: ? - help, Shift-Dir - straight line, f/p - death knight
Aim: a death knight, wielding an enchanted great mace and wearing a chain mail (heavily wounded)
The puff of flame hits the death knight.
The death knight is severely wounded.
The death knight calls down the wrath of Yredelemnul upon you.
Your body is wracked with pain!
* * * LOW HITPOINT WARNING * * *
Unknown command.
Press: ? - help, Shift-Dir - straight line, f/p - death knight
Aim: a death knight, wielding an enchanted great mace and wearing a chain mail (severely wounded)
The stone arrow hits the death knight.
The death knight is severely wounded.
Unknown command.
The death knight offers itself to Yredelemnul, and fills with unholy energy.
Press: ? - help, Shift-Dir - straight line, f/p - death knight
Aim: a death knight, wielding an enchanted great mace and wearing a chain mail (severely wounded, reflecting injuries)
The zap hits the death knight.
The death knight appears unharmed.
The death knight is severely wounded.
The death knight calls down the wrath of Yredelemnul upon you.
Your body is wracked with pain!
* * * LOW HITPOINT WARNING * * *
Press: ? - help, Shift-Dir - straight line, f/p - death knight
Aim: a death knight, wielding an enchanted great mace and wearing a chain mail (severely wounded, reflecting injuries)
The puff of flame hits the death knight.
The death knight is almost dead.
The death knight reflects your damage back at you!
* * * LOW HITPOINT WARNING * * *
Unknown command.
The death knight calls down the wrath of Yredelemnul upon you.
You resist with significant effort.
Press: ? - help, Shift-Dir - straight line, f/p - death knight
Aim: a death knight, wielding an enchanted great mace and wearing a chain mail (almost dead, reflecting injuries)
The stone arrow hits the death knight.
The death knight is almost dead.
The death knight reflects your damage back at you!
You die...

................................#
......................(..........
............................##...
.((.........................##...
.)..........................###..
.............................###.
........../../.................#.
.....................p...........
................b...........#....
.....................=.....####..
..........................## ###
.).......................## ##
##......................#.# ###.
#####.................###.####..#
## ####............### ##...####
.# ###.#....##### ##.## ##
######## ###


You could see a death knight.

Vanquished Creatures
  Kirke (D:13)
  The ghost of nikopol the Eclecticist, a journeyman DEFE of Sif Muna (D:14)
  4 hydras
  6 two-headed ogres
  A vault guard (D:14)
  2 tengu warriors (D:13)
  3 unseen horrors
  7 skeletal warriors
  6 wizards (D:14)
  The ghost of p0werm0de the Fighter, a novice FoCK of Xom (D:8)
  8 deep elf magi
  2 cyclopes (D:15)
  7 ugly things
  A manticore (D:13)
  A centaur zombie (D:13)
  2 black mambas (D:14)
  3 centaur skeletons
  A komodo dragon (D:15)
  A yaktaur (D:15)
  3 trolls
  2 meliai (D:14)
  2 hornets
  3 hippogriffs
  2 dream sheep (D:8)
  5 slime creatures (D:9)
  A centaur simulacrum (D:15)
  2 shadows
  A vampire (D:13)
  9 yaks
  A hungry ghost (D:11)
  A steam dragon (D:10)
  An acid dragon (D:10)
  2 soldier ants
  A water moccasin (D:8)
  3 porcupines (D:9)
  Purgy (Sewer)
  2 eyes of draining
  A hornet zombie (D:14)
  8 ice beasts
  8 orc warriors
  8 ogres
  A necrophage (D:12)
  4 sky beasts
  2 phantoms
  7 centaurs
  7 big kobolds
  A crocodile (D:9)
  A gnoll sergeant (D:11)
  5 bullfrogs
  A wyvern skeleton (D:12)
  4 scorpions
  10 killer bees
  3 howler monkeys (D:10)
  4 wights (D:7)
  2 bullfrog zombies
  4 crimson imps
  A quasit (D:11)
  7 orc priests
  Crazy Yiuf (D:6)
  4 bullfrog skeletons
  14 hounds
  3 jellies
  9 orc wizards
  Jessica (D:2)
  2 iguanas
  10 worker ants
  2 hound skeletons
  2 worker ant zombies
  6 gnolls
  2 howler monkey zombies
  14 adders
  A river rat (D:3)
  4 shadow imps
  2 oozes (D:1)
  An adder zombie (D:5)
  An adder skeleton (D:7)
  A worm (D:2)
  5 leopard geckos
  53 orcs
  A ball python (D:3)
  13 bats
  7 giant cockroaches
  7 goblins
  8 hobgoblins
  8 jackals
  20 kobolds
  2 quokkas
  A ball python skeleton (D:4)
  4 frilled lizards
  A jackal zombie (D:8)
  2 leopard gecko skeletons
  16 rats
417 creatures vanquished.

Vanquished Creatures (collateral kills)
  Louise (D:15)
  A centaur warrior (D:15)
  A deep elf archer (Bailey)
  An ogre (D:10)
  An orc priest (D:10)
  A kobold (D:15)
6 creatures vanquished.

Vanquished Creatures (others)
  A wizard (D:14)
  A deep elf mage (Bailey)
  A fungus (D:9)
3 creatures vanquished.

Grand Total: 426 creatures vanquished

Notes
Turn   | Place    | Note
-------+----------+-------------------------------------------
     0 | D:1      | Amnesiac the Vampire Monk began the quest for the Orb.
     0 | D:1      | Reached XP level 1. HP: 17/17 MP: 1/1
   227 | D:1      | Reached XP level 2. HP: 23/23 MP: 2/2
   402 | D:2      | Noticed Jessica
   411 | D:2      | Killed Jessica
   411 | D:2      | Reached XP level 3. HP: 28/28 MP: 3/3
   759 | D:3      | Noticed a bullfrog
  1047 | D:3      | Reached XP level 4. HP: 31/34 MP: 4/4
  1089 | D:3      | Found a glowing drain.
  1104 | Sewer    | Entered a sewer
  1170 | Sewer    | Noticed Purgy
  1190 | Sewer    | Killed Purgy
  1190 | Sewer    | Reached XP level 5. HP: 39/39 MP: 2/5
  1430 | D:4      | Found a staircase to the Ecumenical Temple.
  1447 | Temple   | Entered the Ecumenical Temple
  1460 | Temple   | Became a worshipper of Makhleb the Destroyer
  1460 | Temple   | Reached * piety under Makhleb
  1460 | Temple   | Reached ** piety under Makhleb
  1937 | D:2      | Reached skill level 1 in Invocations
  2593 | D:3      | Reached skill level 2 in Invocations
  2593 | D:3      | Reached XP level 6. HP: 25/46 MP: 7/7
  2916 | D:4      | Reached skill level 3 in Invocations
  3143 | D:4      | Reached skill level 4 in Invocations
  3167 | D:4      | Found a sparkling altar of Nemelex Xobeh.
  3244 | D:4      | Reached XP level 7. HP: 39/51 MP: 10/10
  3285 | D:4      | Reached *** piety under Makhleb
  3451 | D:4      | Reached skill level 5 in Invocations
  3654 | D:5      | Entered Level 5 of the Dungeon
  3799 | D:5      | Reached skill level 6 in Invocations
  3818 | D:5      | Found Ivathrul's Jewellery Boutique.
  4019 | D:5      | Reached XP level 8. HP: 57/57 MP: 11/13
  4040 | D:5      | Reached skill level 7 in Invocations
  4518 | D:6      | Reached skill level 8 in Invocations
  4619 | D:6      | Reached **** piety under Makhleb
  4637 | D:6      | Found a runed door.
  4641 | D:6      | Noticed Crazy Yiuf
  4654 | D:6      | Killed Crazy Yiuf
  4667 | D:6      | Got a fine mace
  4669 | D:6      | Identified the +5 mace "Buzisaf" {crush, rElec rPois MP+9 Dex-3} (You found it on level 6 of the Dungeon)
  4908 | D:6      | Reached skill level 9 in Invocations
  4983 | D:6      | Found Bivi's General Store.
  5157 | D:6      | Reached XP level 9. HP: 61/62 MP: 16/16
  5357 | D:7      | Reached skill level 10 in Invocations
  5530 | D:7      | Reached skill level 5 in Dodging
  5601 | D:7      | Reached ***** piety under Makhleb
  5617 | D:7      | Got a faintly glowing mace
  5622 | D:7      | Learned a level 3 spell: Regeneration
  5622 | D:7      | Identified the +7 mace of Understanding {crush, rN+} (You found it on level 7 of the Dungeon)
  6067 | D:8      | Noticed p0werm0de's ghost (novice FoCK)
  6215 | D:8      | Killed p0werm0de's ghost
  6391 | D:8      | Reached XP level 10. HP: 34/68 MP: 17/17
  6453 | D:8      | Found a flagged portal.
  6463 | Bailey   | Entered a bailey
  6559 | Bailey   | Noticed a deep elf mage
  6564 | Bailey   | Killed a deep elf mage
  6607 | Bailey   | Noticed a deep elf mage
  6610 | Bailey   | Noticed a deep elf mage
  6613 | Bailey   | Killed a deep elf mage
  6614 | Bailey   | Noticed a deep elf mage
  6618 | Bailey   | Killed a deep elf mage
  6618 | Bailey   | Reached skill level 10 in Dodging
  6619 | Bailey   | Noticed a deep elf mage
  6621 | Bailey   | Killed a deep elf mage
  6622 | Bailey   | Noticed a deep elf mage
  6623 | Bailey   | Killed a deep elf mage
  6627 | Bailey   | Noticed a deep elf mage
  6630 | Bailey   | Killed a deep elf mage
  6632 | Bailey   | Killed a deep elf mage
  6689 | Bailey   | Noticed a deep elf mage
  6692 | Bailey   | Killed a deep elf mage
  6851 | Bailey   | Noticed a deep elf archer
  6863 | Bailey   | Gained mutation: You are partially covered in slimy green scales. (AC +2) [potion of mutation]
  6863 | Bailey   | Gained mutation: You are mostly covered in slimy green scales. (AC +3) [potion of mutation]
  6863 | Bailey   | Gained mutation: You are clumsy. (Dex -2) [potion of mutation]
  6863 | Bailey   | Gained mutation: You have sharp toenails. [potion of mutation]
  6866 | Bailey   | Killed a deep elf archer
  7316 | D:8      | Reached XP level 11. HP: 74/74 MP: 18/18
  7344 | D:8      | Noticed a three-headed hydra
  7370 | D:8      | Killed a three-headed hydra
  7418 | D:9      | Found Nommoi's Antique Armour Shoppe.
  7422 | D:9      | Bought a pair of glowing boots for 217 gold pieces
  7422 | D:9      | Bought a runed buckler for 217 gold pieces
  7452 | D:9      | Found a transporter.
  7459 | D:9      | Found a viscous altar of Jiyva.
  7460 | D:9      | Found a transporter.
  7584 | D:9      | Reached skill level 5 in Fighting
  8058 | D:9      | Found a staircase to the Orcish Mines.
  8216 | D:9      | Got a translucent lapis lazuli ring
  8366 | D:9      | Found a staircase to the Lair.
  8377 | D:9      | Found a glowing golden altar of the Shining One.
  8668 | D:10     | Entered Level 10 of the Dungeon
  8697 | D:10     | Noticed an unseen horror
  8711 | D:10     | Killed an unseen horror
  8719 | D:10     | Identified the ring of the Magpie {rC+ Int+3} (You found it on level 9 of the Dungeon)
  8888 | D:10     | Found a stormy altar of Qazlal.
  8896 | D:10     | Reached ****** piety under Makhleb
  9398 | D:11     | Got a pair of dazzling gloves
  9434 | D:11     | Reached skill level 1 in Shields
  9951 | D:11     | Reached XP level 12. HP: 92/95 MP: 19/19
 10232 | D:12     | Noticed a four-headed hydra
 10242 | D:12     | Killed a four-headed hydra
 10553 | D:13     | Reached skill level 10 in Stealth
 10558 | D:13     | Noticed a four-headed hydra
 10660 | D:13     | Killed a four-headed hydra
 10827 | D:13     | Noticed a two-headed ogre
 10836 | D:13     | Killed a two-headed ogre
 11025 | D:13     | Identified the cursed +0 pair of gloves of Gipomu {rElec} (You found it on level 11 of the Dungeon)
 11059 | D:13     | Identified a scroll of acquirement {!r}
 11224 | D:13     | Noticed a tengu warrior
 11244 | D:13     | Reached skill level 11 in Invocations
 11253 | D:13     | Killed a tengu warrior
 11265 | D:13     | Noticed a tengu warrior
 11277 | D:13     | Killed a tengu warrior
 11277 | D:13     | Reached skill level 5 in Short Blades
 12038 | D:13     | Noticed Kirke
 12050 | D:13     | Killed Kirke
 12319 | D:14     | Noticed a two-headed ogre
 12320 | D:14     | Noticed nikopol's ghost (journeyman DEFE)
 12346 | D:14     | Killed a two-headed ogre
 12381 | D:14     | Noticed a two-headed ogre
 12387 | D:14     | Noticed a two-headed ogre
 12405 | D:14     | Killed a two-headed ogre
 12426 | D:14     | Killed a two-headed ogre
 12426 | D:14     | Reached XP level 13. HP: 101/101 MP: 21/21
 12449 | D:14     | Killed nikopol's ghost
 12522 | D:14     | Reached skill level 12 in Invocations
 12876 | D:14     | Found Gaer's Serpentskin Sales.
 12897 | D:14     | Found a gate to the Vaults.
 13003 | D:14     | Reached skill level 13 in Invocations
 13693 | D:15     | Entered Level 15 of the Dungeon
 13693 | D:15     | Noticed Louise
 13699 | D:15     | Killed Louise
 13992 | D:15     | Reached skill level 14 in Invocations
 14487 | D:15     | Noticed a fire giant
 14837 | D:15     | HP: 2/101 [mirror damage (3)]
 14840 | D:15     | Killed by mirror damage

Vault maps used:
D:1:      lightli_arrival_noodles
D:2:      first_ration, minmay_misc_feat_rows, kennysheep_potato, uniq_jessica
D:3:      portal_sewer_entry_e
D:4:      nemelex_xobeh_ov_fountains_minmay, minmay_temple_entry_hall,
          grunt_ministairs_11
D:5:      serial_shops, shop_statue
D:6:      serial_shops, kennysheep_mini, uniq_crazy_yiuf_cottage
D:8:      enter_bailey_2, hangedman_ranch
D:9:      gammafunk_jiyva_shrine, grunt_lair_entry_orc_guard_hut, orc_0_dummy,
          basic_altar, serial_shops, shop
D:10:     nicolae_qazlal_general_emergency
D:13:     uniq_kirke
D:14:     minmay_wizard_corner, david_vaults_5, roderic_lattice_octagonal_star,
          guppyfry_shop_venom
D:15:     grunt_enter_depths_giant_problem, fedhas_altar_2, uniq_louise
Temple:   grunt_wide_crystal_templ
Sewer:    sewer_big_baddie
Bailey:   bailey_polearm_3, bailey

Skill      XL: |  1  2  3  4  5  6  7  8  9 10 11 12 13 |
---------------+----------------------------------------+-----
Stealth        | 4 6 8 9 11 | 11.0
Invocations    | 2 4 6 9 10 11 14 | 14.5
Dodging        | 8 12 13 | 13.0
Fighting       | 9 |  9.0
Shields        | 2 4 |  4.0
Short Blades   | 8 |  8.1

Action                   |  1- 3 |  4- 6 |  7- 9 | 10-12 | 13-15 || total
-------------------------+-------+-------+-------+-------+-------++-------
Melee: Short sword       |    28 |       |       |       |       ||    28
       Bite              |     7 |     4 |       |     4 |       ||    15
       Dagger            |    40 |    32 |       |    42 |     4 ||   118
       Unarmed           |    15 |     6 |     1 |     2 |       ||    24
Invok: Minor Destruction |       |   113 |   322 |   655 |   201 ||  1291
       Major Destruction |       |       |       |    11 |    63 ||    74
       Greater Servant o |       |       |       |     2 |     1 ||     3
 Abil: Bat Form          |     2 |     3 |     3 |     7 |     3 ||    18
       End Transformatio |     2 |     2 |     3 |     7 |     3 ||    17
Evoke: Wand              |       |       |       |       |     1 ||     1
  Use: Potion            |     1 |     6 |     6 |     8 |    13 ||    34
       Scroll            |       |    11 |     4 |    10 |     1 ||    26
 Stab: Sleeping          |     9 |     1 |       |     6 |       ||    16
       Invisible         |       |       |       |     1 |       ||     1
       Distracted        |       |       |       |     1 |       ||     1
  Eat: Corpse            |       |       |       |     1 |       ||     1
Armor: Robe              |     9 |    12 |       |       |       ||    21
       Troll leather arm |       |       |       |    23 |     3 ||    26
Dodge: Dodged            |    68 |    85 |    76 |   294 |    64 ||   587
Block: Buckler           |       |       |       |    30 |    13 ||    43
       Reflection        |       |       |       |       |     3 ||     3

Table legend:
 A = Spawn XP
 B = Non-spawn XP
 C = Spawn XP percentage of total XP
 D = Spawn monster count
 E = Non-spawn monster count
 F = Spawn count percentage of total count
 G = Total turns spent on level
                    A         B        C        D         E        F      G
               +---------+---------+-------+---------+---------+-------+---------
         Total |       0 |   63124 |   0.0 |       0 |     425 |   0.0 | 14840
               +---------+---------+-------+---------+---------+-------+---------
           D:1 |       0 |      49 |   0.0 |       0 |      16 |   0.0 |   602
           D:2 |       0 |      89 |   0.0 |       0 |      32 |   0.0 |  1020
           D:3 |       0 |     168 |   0.0 |       0 |      24 |   0.0 |   926
           D:4 |       0 |     517 |   0.0 |       0 |      22 |   0.0 |   948
           D:5 |       0 |     977 |   0.0 |       0 |      22 |   0.0 |   843
           D:6 |       0 |     942 |   0.0 |       0 |      25 |   0.0 |   725
           D:7 |       0 |    1590 |   0.0 |       0 |      29 |   0.0 |   827
           D:8 |       0 |    3793 |   0.0 |       0 |      34 |   0.0 |   828
           D:9 |       0 |    3962 |   0.0 |       0 |      33 |   0.0 |  1250
          D:10 |       0 |    2765 |   0.0 |       0 |      41 |   0.0 |   599
          D:11 |       0 |    2676 |   0.0 |       0 |      30 |   0.0 |   713
          D:12 |       0 |    1810 |   0.0 |       0 |      15 |   0.0 |   507
          D:13 |       0 |   10935 |   0.0 |       0 |      30 |   0.0 |  1802
          D:14 |       0 |   19868 |   0.0 |       0 |      37 |   0.0 |  1404
          D:15 |       0 |    8543 |   0.0 |       0 |      20 |   0.0 |  1147
         Sewer |       0 |     144 |   0.0 |       0 |       6 |   0.0 |   135
        Bailey |       0 |    4296 |   0.0 |       0 |       9 |   0.0 |   541
               +---------+---------+-------+---------+---------+-------+---------
